 Dungeon Crawl Stone Soup version 0.30-a0-279-g4b46babb21 (webtiles) character file.

Game seed: 9701941306835227004

2153 gruber the Frost Mage (level 9, -1/60 (65) HPs)
             Began as a Gnoll Ice Elementalist on Oct 16, 2022.
             Slain by a wight
             ... wielding a +7 battleaxe of freezing
              (16 damage)
             ... on level 7 of the Dungeon.
             The game lasted 00:10:07 (6614 turns).

gruber the Frost Mage (Gnoll Ice Elementalist)      Turns: 6614, Time: 00:10:08

HP:   -1/60 (65)    AC: 15    Str:  7    XL:     9   Next: 31%
MP:   10/19         EV: 14    Int: 18    God:
Gold: 280           SH:  0    Dex: 14    Spells: 10/21 levels left

rFire   x . .      SeeInvis .    m - +2 whip (freeze)
rCold   + . .      Faith    .    (no shield)
rNeg    . . .      Spirit   .    a - +0 robe
rPois   .          Reflect  .    (no helmet)
rElec   .          Harm     .    p - +2 cloak
rCorr   .          Rampage  .    B - +0 pair of gloves
Will    .....                    (no boots)
Stlth   +++.......               (no amulet)
HPRegen 0.30/turn                s - ring of ice
MPRegen 0.16/turn                (no ring)

@: ice-armoured, drained
A: fangs 1, strong nose, distributed training
a: no special abilities


You were on level 7 of the Dungeon.
You visited 2 branches of the dungeon, and saw 8 of its levels.

You collected 280 gold pieces.

Inventory:

Hand Weapons
 m - a +2 whip of freezing (weapon)
 G - a +3 spear
Missiles
 F - a throwing net
Armour
 a - a +0 robe (worn)
 p - a +2 cloak (worn)
 B - a +0 pair of gloves (worn)
Jewellery
 s - a ring of ice (left hand)
 v - a ring of fire
Wands
 x - a wand of charming (4)
 D - a wand of flame (12)
Scrolls
 c - 3 scrolls of teleportation {unknown}
 g - 7 scrolls of identify {unknown}
 j - a scroll of blinking {unknown}
 k - 2 scrolls of enchant weapon {unknown}
 o - a scroll of poison {unknown}
 q - a scroll of summoning {unknown}
 r - a scroll of magic mapping {unknown}
 t - a scroll of vulnerability {unknown}
 u - 3 scrolls of enchant armour {unknown}
 y - a scroll of noise {unknown}
 A - a scroll of silence {unknown}
 C - a scroll of fear {unknown}
 E - a scroll of brand weapon {unknown}
Potions
 b - 3 potions of magic
 d - 2 potions of brilliance {unknown}
 e - 2 potions of heal wounds {unknown}
 f - a potion of lignification {unknown}
 h - a potion of invisibility {unknown}
 i - 4 potions of flight {unknown}
 l - a potion of might {unknown}
 n - 2 potions of attraction {unknown}
 w - 2 potions of curing {unknown}
 z - a potion of haste {unknown}


   Skills:
 + Level 4.3 Fighting
 + Level 4.3 Short Blades
 + Level 4.3 Long Blades
 + Level 4.3 Axes
 + Level 4.3 Maces & Flails
 + Level 4.3 Polearms
 + Level 4.3 Staves
 + Level 4.3 Ranged Weapons
 + Level 4.3 Throwing
 + Level 4.3 Armour
 + Level 6.3 Dodging
 + Level 6.1 Stealth
 + Level 4.3 Shields
 + Level 4.3 Unarmed Combat
 + Level 6.6 Spellcasting
 + Level 3.5 Conjurations
 + Level 3.5 Hexes
 + Level 3.5 Summonings
 + Level 3.5 Necromancy
 + Level 3.5 Translocations
 + Level 3.5 Transmutations
 + Level 3.5 Fire Magic
 + Level 8.0 Ice Magic
 + Level 3.5 Air Magic
 + Level 3.5 Earth Magic
 + Level 3.5 Poison Magic
 + Level 4.7 Invocations
 + Level 4.3 Evocations


You had 10 spell levels left.
You knew the following spells:

 Your Spells              Type           Power      Damage    Failure   Level
a - Freeze                Ice            100%       1d10      1%          1
b - Frozen Ramparts       Ice            100%       1d16      1%          3
c - Ozocubu's Armour      Ice            51%        N/A       1%          3
d - Summon Ice Beast      Ice/Summ       40%        N/A       11%         4

Your spell library contained the following spells:

 Spells                   Type           Power      Damage    Failure   Level
 Gell's Gravitas          Tloc           18%        N/A       8%          3
 Inner Flame              Hex/Fire       18%        N/A       8%          3
 Lesser Beckoning         Tloc           36%        N/A       8%          3
 Teleport Other           Tloc           18%        N/A       8%          3
 Ice Form                 Ice/Tmut       40%        N/A       11%         4
 Flame Wave               Conj/Fire      18%        2d7       26%         4
 Sticky Flame             Conj/Fire      18%        2d4       26%         4
 Chain Lightning          Conj/Air       9%         3d12      100%        9
 Fire Storm               Conj/Fire      9%         8d2       100%        9
 Shatter                  Erth           9%         3d11*     100%        9


Dungeon Overview and Level Annotations

Branches:
Dungeon (7/15)             Temple (1/1) D:6

Altars:
Ashenzari
Cheibriados
Dithmenos
Fedhas
Gozag
Hepliaklqana
Kikubaaqudgha
Makhleb
Okawaru
Qazlal
Ru
Trog
Uskayaw
Vehumet
Wu Jian
Xom
Yredelemnul
Zin

Shops:
D:5 [   D:7 !

Annotations:
D:6 1 runed translucent door


Innate Abilities, Weirdness & Mutations

You have very sharp teeth.
Your uncanny sense of smell can sniff out nearby items.
Your experience applies equally to all skills.


Message History

The wight is severely damaged.
The wight misses you.
The wight hits your ice beast with a +7 battleaxe of freezing!
Your ice beast hits the wight but does no damage.
You barely miss the wight.
The wight is severely damaged.
The wight hits you with a +7 battleaxe of freezing!!
You feel drained.
* * * LOW HITPOINT WARNING * * *
The wight freezes you.
* * * LOW HITPOINT WARNING * * *
The wight hits your ice beast with a +7 battleaxe of freezing.
Your ice beast hits the wight but does no damage.
The wight completely misses your ice beast.
Your ice beast hits the wight.
Your ice beast freezes the wight.
The wight resists.
The wight hits your ice beast with a +7 battleaxe of freezing.
Your ice beast dies!
Your ice beast disappears in a puff of smoke!
Casting: Summon Ice Beast (dangerous; 11% risk of failure)
Confirm with . or Enter, or press ? or * to list all spells.
You feel a surge of power! A chill wind blows around you.
You barely miss the wight.
The wight is almost destroyed.
The wight closely misses you.
The wight hits your ice beast with a +7 battleaxe of freezing.
The wight drains your ice beast.
Casting: Summon Ice Beast (dangerous; 11% risk of failure)
Confirm with . or Enter, or press ? or * to list all spells.
You feel a surge of power! A film of ice covers your body!
Your ice beast completely misses the wight.
The wight misses you.
The wight hits your ice beast with a +7 battleaxe of freezing!
Unknown command.
Unknown command.
You hit the wight but do no damage.
The wight is almost destroyed.
Your ice beast hits the wight but does no damage.
The wight hits you with a +7 battleaxe of freezing!
You die...

...#∩#....###.#..# #....#.....
...#'#....# #.#..# #....#.....
#..#######....######....#.....
##.##.......#.##........#.....
#.##.####.##.##........#.....
####.......#.##.##........#.....
#.....#....#.##.##........####.#
#.##.##....#.##.##........####.#
#> ....+........@#
###..........# #
###.##....#.#.z## #...>.......
#...........Y.# #.....(.....
############..####...........
####### #....##........... ∆
....... #[##...########...
.......####.####.# #...
.......†z...# #..# ##.#
.......###### ##.# ..#


You could see a wight (ally target) and a friendly ice beast (summoned,
drained).

Vanquished Creatures
  The ghost of gabibbone the Sneak, an amateur AtBr (D:6)
  2 water moccasins
  An ice beast (D:6)
  3 ogres
  A phantom (D:4)
  4 scorpions
  4 bullfrogs
  A wight (D:7)
  2 howler monkeys
  An orc priest (D:5)
  A gnoll bouda (D:7)
  7 hounds
  2 jellies
  5 iguanas
  Ijyb (D:4)
  An orc wizard (D:6)
  4 gnolls (D:7)
  11 adders
  A shadow imp (D:5)
  2 white imps (D:6)
  An ufetubus (D:4)
  2 worms
  2 dart slugs
  10 orcs
  5 bats
  4 endoplasms
  3 giant cockroaches
  5 goblins
  4 hobgoblins
  2 jackals (D:3)
  6 quokkas
  5 ball pythons
  A frilled lizard (D:3)
  8 kobolds
  12 rats
125 creatures vanquished.

Vanquished Creatures (collateral kills)
  A worm (D:6)
1 creature vanquished.

Vanquished Creatures (others)
  7 plants (D:5)
7 creatures vanquished.

Grand Total: 133 creatures vanquished

Notes
Turn   | Place    | Note
-------+----------+-------------------------------------------
     0 | D:1      | gruber the Gnoll Ice Elementalist began the quest for the
                  | Orb.
     0 | D:1      | Reached XP level 1. HP: 13/13 MP: 6/6
   162 | D:1      | Reached XP level 2. HP: 19/19 MP: 5/7
   557 | D:1      | Found a faded altar of an unknown god.
  1125 | D:2      | Reached skill level 5 in Spellcasting
  1125 | D:2      | Reached XP level 3. HP: 23/25 MP: 4/9
  1129 | D:2      | Learned a level 3 spell: Frozen Ramparts
  1133 | D:2      | Learned a level 3 spell: Ozocubu's Armour
  1152 | D:2      | Reached skill level 1 in Invocations
  1243 | D:2      | Reached skill level 1 in Fighting
  1243 | D:2      | Reached skill level 1 in Short Blades
  1243 | D:2      | Reached skill level 1 in Long Blades
  1243 | D:2      | Reached skill level 1 in Axes
  1243 | D:2      | Reached skill level 1 in Maces & Flails
  1243 | D:2      | Reached skill level 1 in Polearms
  1243 | D:2      | Reached skill level 1 in Staves
  1243 | D:2      | Reached skill level 1 in Ranged Weapons
  1243 | D:2      | Reached skill level 1 in Throwing
  1243 | D:2      | Reached skill level 1 in Armour
  1243 | D:2      | Reached skill level 1 in Shields
  1243 | D:2      | Reached skill level 1 in Unarmed Combat
  1243 | D:2      | Reached skill level 1 in Evocations
  1278 | D:2      | Got the Teachings on Glaciation
  1352 | D:2      | Reached XP level 4. HP: 30/32 MP: 7/11
  1570 | D:2      | Reached skill level 1 in Conjurations
  1570 | D:2      | Reached skill level 1 in Hexes
  1570 | D:2      | Reached skill level 1 in Summonings
  1570 | D:2      | Reached skill level 1 in Necromancy
  1570 | D:2      | Reached skill level 1 in Translocations
  1570 | D:2      | Reached skill level 1 in Transmutations
  1570 | D:2      | Reached skill level 1 in Fire Magic
  1570 | D:2      | Reached skill level 1 in Air Magic
  1570 | D:2      | Reached skill level 1 in Earth Magic
  1570 | D:2      | Reached skill level 1 in Poison Magic
  1955 | D:3      | Found an ornate altar of the Wu Jian Council.
  2079 | D:3      | Found a shimmering altar of Xom.
  2237 | D:3      | You fall into a shaft and drop 1 floor!
  2244 | D:4      | Reached XP level 5. HP: 31/37 MP: 7/12
  2409 | D:3      | Found a radiant altar of Vehumet.
  2989 | D:4      | Reached XP level 6. HP: 44/44 MP: 8/14
  2990 | D:4      | Reached skill level 5 in Dodging
  3068 | D:4      | Learned a level 4 spell: Summon Ice Beast
  3358 | D:4      | Found a sacrificial altar of Ru.
  3358 | D:4      | Found a burning altar of Makhleb.
  3358 | D:4      | Found an opulent altar of Gozag.
  3358 | D:4      | Found an ancient bone altar of Kikubaaqudgha.
  3359 | D:4      | Noticed Ijyb
  3391 | D:4      | Killed Ijyb
  3394 | D:4      | Reached XP level 7. HP: 51/51 MP: 7/15
  3692 | D:5      | Entered Level 5 of the Dungeon
  3695 | D:5      | Found Rajull's Armour Shoppe.
  3850 | D:5      | Reached skill level 5 in Stealth
  4113 | D:5      | Reached XP level 8. HP: 54/58 MP: 8/16
  4391 | D:5      | Found a blossoming altar of Fedhas.
  4392 | D:5      | Found a bloodstained altar of Trog.
  5235 | D:6      | Found a runed translucent door.
  5280 | D:6      | Noticed gabibbone's ghost (amateur AtBr)
  5569 | D:6      | Found a runed translucent door.
  5829 | D:6      | Found a staircase to the Ecumenical Temple.
  5911 | D:6      | Killed gabibbone's ghost
  5912 | D:6      | Reached XP level 9. HP: 64/65 MP: 8/18
  6056 | Temple   | Entered the Ecumenical Temple
  6153 | D:7      | Found Xexojimo's Distillery.
  6324 | D:7      | Reached skill level 8 in Ice Magic
  6614 | D:7      | Slain by a wight

Illustrated notes

Levels and vault maps discovered:
D:1:      roderic_octagonal_star, layout_basic,
          shapermc_ecumenical_altar_acropolis, due_unseen_surprise
D:2:      layout_rooms
D:3:      layout_loops_ring, general_overflow_altar,
          mainiacjoe_overflow_small_starburst,
          nicolae_wu_jian_immortal_techniques, serial_glass, glass_columns_b,
          glass_columns_a, glass_columns_a, glass_columns_b, glass_columns_c,
          glass_columns_b, glass_columns_c, glass_columns_c, glass_columns_b,
          glass_columns_a, glass_columns_a, glass_columns_b, glass_columns_a,
          glass_columns_c, item_on_display_a, due_unseen_surprise
D:4:      layout_loops_cross, chequers_temple_overflow_statue_of_worship,
          uniq_ijyb
D:5:      layout_basic, nicolae_overflow_squiral, serial_shops, shop_statue,
          chequers_big_river, kennysheep_generic_room_15
D:6:      layout_basic, temple_hall, ebering_ghost_sewer_f,
          supply_closet_lemuel, kennysheep_generic_room_7
D:7:      layout_basic, led_sif_pool, serial_shops, nicolae_shop_window_shopping
Temple:   nicolae_temple_ecumenical_triangle

Skill      XL: |  1  2  3  4  5  6  7  8  9 |
---------------+----------------------------+-----
Spellcasting   | 5 6 |  6.6
Invocations    | 1 2 3 4 |  4.7
Fighting       | 1 2 3 4 |  4.3
Short Blades   | 1 2 3 4 |  4.3
Long Blades    | 1 2 3 4 |  4.3
Axes           | 1 2 3 4 |  4.3
Maces & Flails | 1 2 3 4 |  4.3
Polearms       | 1 2 3 4 |  4.3
Staves         | 1 2 3 4 |  4.3
Ranged Weapons | 1 2 3 4 |  4.3
Throwing       | 1 2 3 4 |  4.3
Armour         | 1 2 3 4 |  4.3
Shields        | 1 2 3 4 |  4.3
Unarmed Combat | 1 2 3 4 |  4.3
Evocations     | 1 2 3 4 |  4.3
Conjurations   | 1 2 3 |  3.5
Hexes          | 1 2 3 |  3.5
Summonings     | 1 2 3 |  3.5
Necromancy     | 1 2 3 |  3.5
Translocations | 1 2 3 |  3.5
Transmutations | 1 2 3 |  3.5
Fire Magic     | 1 2 3 |  3.5
Air Magic      | 1 2 3 |  3.5
Earth Magic    | 1 2 3 |  3.5
Poison Magic   | 1 2 3 |  3.5
Dodging        | 5 6 |  6.3
Stealth        | 5 6 |  6.1
Ice Magic      | 8 |  8.0

Action                   |  1- 3 |  4- 6 |  7- 9 || total
-------------------------+-------+-------+-------++-------
Melee: Short sword       |    26 |       |       ||    26
       Unarmed           |     1 |       |       ||     1
       Bite              |     3 |     4 |    18 ||    25
       Whip              |       |    51 |    97 ||   148
       Punch             |       |     1 |     2 ||     3
 Cast: Freeze            |    30 |    45 |    32 ||   107
       Frozen Ramparts   |     1 |     7 |    23 ||    31
       Ozocubu's Armour  |       |     2 |    11 ||    13
       Summon Ice Beast  |       |       |     5 ||     5
 Stab: Sleeping          |     1 |     3 |     2 ||     6
Armor: Robe              |    13 |    14 |    31 ||    58
Dodge: Dodged            |    37 |    42 |    81 ||   160

Table legend: (Time is in decaauts)
 A = Elapsed time spent in this place.
 B = Non-inter-level travel time spent in this place.
 C = Inter-level travel time spent in this place.
 D = Time resting spent in this place.
 E = Time spent auto-exploring this place.
 F = Levels seen in this place.
 G = Mean time per level.
                   A        B        C        D        E       F      G
               +--------+--------+--------+--------+--------+-----+--------+
         Total |   6624 |   6344 |    280 |      0 |   5293 |   8 |  828.0 |
       Dungeon |   6592 |   6315 |    277 |      0 |   5287 |   7 |  941.7 |
        Temple |     31 |     29 |      2 |      0 |      6 |   1 |   31.0 |
               +--------+--------+--------+--------+--------+-----+--------+

Top non-repeatable levels by time:
     D:5: 1231 daAuts
     D:6: 1203 daAuts
     D:1: 1088 daAuts
     D:4: 992 daAuts
     D:3: 839 daAuts
     D:2: 773 daAuts
     D:7: 464 daAuts
  Temple: 31 daAuts
